cohdb
Replays
Latest Replays
All Replays
Popular Replays
Top Player Replays
Match Explorer
How It Works
Community
CoH3 Stats
Reddit
Sign in to upload your games and track your stats! →
Sign in with Steam
Match 45945172
Unlisted
Match 45945172
Overview
Messages
Build Orders
End
Kettenkrad Recon Vehicle
Construct Infanterie Kompanie
MG 42 Machine Gun Team
Selects Italian Coastal Battlegroup
Selects Coastal Reserves
Coastal Reserve
GrW 34 Mortar Team
Construct Luftwaffe Kompanie
Selects Artillery Officer
Selects Artillery Officer
Jäger Squad
Medical Bunker
Support Elements
Artillery Officer
Selects Designate Defensive Line
Designate Defensive Line
Selects Rapid Fortifications
Rapid Fortifications
Wirbelwind Flakpanzer
Forward Retreat Point
MG 42 Bunker
Luftwaffe Officer Quarters
Rapid Fortifications
MG 42 Bunker
Selects Bulwark
Rapid Fortifications
Construct Panzer Kompanie
MG 42 Bunker
惹人的洞洞
Iraklius of Kolchis
Engine1000
Zargin
tor
Abeli
JeanLeJean
n3
0
0
Comments
sign in to comment!
No comments posted yet!